AoeStats
← nathano1927

Arabia

507140180Analyzed
1v1 RM · 16d ago on Sep 16, 2026· 16m 14s· 2 players
Game mode
Random Map
Map size
Tiny (2 player)
Population
200
Speed
Normal
Resources
Standard
Victory
Conquest
Starting age
Dark Age
Ending age
Imperial Age
RankedLock teamsTeams togetherTeam positionsShared explorationLock speedFull tech treeHidden civsTurbo modeCheats
Victory
Defeat
🇨🇴 Mongols · Colombia
893
+15
🇺🇸 Celts · United States
870
-17
nathano1927
10:17 Feudal Age
10:56 Double-Bit Axe
11:41 Horse Collar
Dcristo
9:41 Feudal Age
10:51 Loom
10:50 Man-at-Arms
12:14 Scale Mail Armor
16:03 Horse Collar
Connection lost

Rejoining the realm…

Still unreachable

The connection could not be restored.

Session expired

The server has moved on; the page needs a fresh start.